 Dungeon Crawl Stone Soup version 0.31-a0-851-g7ff8af7976 (webtiles) character file.

Game seed: 7646579295498801993

140627 ipx the Cruncher (level 17, -2/88 HPs)
             Began as a Vine Stalker Fighter on Oct 7, 2023.
             Was a High Priest of Okawaru.
             Slain by a deep elf blademaster
             ... wielding the +9 double sword "Goblinbane" {speed, *Rage rPois Str+4 Stlth+}
              (28 damage)
             ... on level 2 of the Elven Halls on Oct 8, 2023.
             The game lasted 03:22:57 (11577 turns).

ipx the Cruncher (Vine Stalker Fighter)            Turns: 11577, Time: 03:22:57

Health: -2/88      AC: 40    Str: 30    XL:     17   Next: 31%
Magic:  0/27       EV: 18    Int: 11    God:    Okawaru [*****.]
Gold:   734        SH:  0    Dex: 22    Spells: 16/16 levels left

rFire   + . .        a - +12 lajatang of Piateaw {flame, rF+ Int+3 Dex+5}
rCold   + . .        (shield currently unavailable)
rNeg    + . .        X - +4 crystal plate armour "Pevot" {rC+ Will+ SInv}
rPois   .            n - +1 helmet
rElec   .            j - +1 cloak
rCorr   .            F - +2 pair of gloves
SInv    +            G - +2 pair of boots
Will    +++++        k - amulet of the Four Winds {rN+ Will+++ Clar} Stlth
                     V - +5 ring of evasion
HPRegen 1.14/turn    S - +6 ring of strength
MPRegen 0.20/turn

%: clarity, guardian spirit
@: heroic, finesse-ful
A: fangs 3, regeneration 1, magic shield, antimagic bite, no potion heal 2
a: Renounce Religion, Heroism, Finesse, Duel


You were on level 2 of the Elven Halls.
You worshipped Okawaru.
Okawaru was extremely pleased with you.
You visited 5 branches of the dungeon, and saw 24 of its levels.
You also visited: Bailey and Ice Cave.

You collected 2581 gold pieces.
You spent 1847 gold pieces at shops.

Inventory:

Hand Weapons
 a - the +12 lajatang of Piateaw (weapon) {flame, rF+ Int+3 Dex+5}
   (Okawaru gifted it to you on level 3 of the Lair of Beasts)

   Int+3:     It affects your intelligence (+3).
   Dex+5:     It affects your dexterity (+5).
   rF+:       It protects you from fire.
 b - the +4 flail of Action {freeze, rElec rPois Dex-3}
   (You took it off a deep elf zephyrmancer on level 3 of the Elven Halls)

   Dex-3:     It affects your dexterity (-3).
   rElec:     It insulates you from electricity.
   rPois:     It protects you from poison
Missiles
 H - 3 javelins
 I - 4 curare-tipped darts
 K - 5 datura-tipped darts
 N - 12 boomerangs
 P - 10 atropa-tipped darts
 Z - 10 silver javelins (quivered)
Armour
 j - a +1 cloak (worn)
 n - a +1 helmet (worn)
 y - a scarf of invisibility
 F - a +2 pair of gloves (worn)
 G - a +2 pair of boots (worn)
 X - the +4 crystal plate armour "Pevot" (worn) {rC+ Will+ SInv}
   (Okawaru gifted it to you on level 3 of the Lair of Beasts)

   rC+:       It protects you from cold.
   Will+:     It increases your willpower.
   SInv:      It lets you see invisible.
Jewellery
 c - a ring of protection from cold
 e - a ring of positive energy
 k - the amulet of the Four Winds (around neck) {rN+ Will+++ Clar}
   (You bought it in a shop on level 2 of the Orcish Mines)

   [amulet of nothing]

   rN+:       It protects you from negative energy.
   Will+++:   It greatly increases your willpower.
   Clar:      It protects you from confusion, rage, mesmerisation and fear.
 l - a ring of flight
 p - the ring "Saschitel" {rPois rCorr}
   (You took it off a deep elf zephyrmancer on level 3 of the Elven Halls)

   [ring of poison resistance]

   rPois:     It protects you from poison rCorr: It protects you from acid and
   corrosion.
 S - a +6 ring of strength (right hand)
 V - a +5 ring of evasion (left hand)
 Y - a ring of magical power
Wands
 x - a wand of roots (9)
 M - a wand of quicksilver (4)
 T - a wand of polymorph (20)
 U - a wand of flame (30)
 W - a wand of mindburst (29)
Scrolls
 g - 2 scrolls of blinking
 i - a scroll of silence
 m - 2 scrolls of torment
 s - 8 scrolls of teleportation
 t - 5 scrolls of fog
 u - 3 scrolls of immolation
 v - a scroll of poison
 C - 3 scrolls of noise
 D - 2 scrolls of brand weapon
 J - 3 scrolls of enchant weapon
 Q - 2 scrolls of vulnerability
 R - 5 scrolls of fear
Potions
 d - 2 potions of heal wounds {unknown}
 f - 5 potions of lignification
 h - 2 potions of resistance
 o - 6 potions of mutation
 q - 2 potions of haste
 r - 5 potions of brilliance {unknown}
 w - a potion of might
 z - 2 potions of enlightenment {unknown}
 A - 2 potions of attraction {unknown}
 B - 3 potions of invisibility {unknown}
 E - a potion of curing
 L - 2 potions of magic {unknown}
Miscellaneous
 O - a tin of tremorstones (2/2)


   Skills:
 + Level 9.8(14.8) Fighting
 - Level 10.0(15.0) Short Blades
 - Level 4.0(14.7) Maces & Flails
 - Level 13.7(19.0) Staves
 * Level 12.0(17.0) Throwing
 - Level 10.0(15.0) Armour
 - Level 6.1(11.1) Dodging
 - Level 2.6(7.6) Shields
 - Level 12.0 Invocations
 - Level 6.0 Evocations


You had 16 spell levels left.
You didn't know any spells.
Your spell library contained the following spells:

 Spells                   Type           Power      Damage    Failure   Level
 Foxfire                  Conj/Fire      0%         2x1d4     99%         1
 Blink                    Tloc           0%         N/A       100%        2
 Ensorcelled Hibernation  Hex/Ice        0%         N/A       100%        2
 Jinxbite                 Hex            0%         N/A       100%        2
 Dazzling Flash           Conj/Hex       0%         N/A       100%        3
 Sigil of Binding         Hex            0%         N/A       100%        3
 Anguish                  Hex/Necr       0%         N/A       100%        4
 Dimensional Bullseye     Hex/Tloc       0%         N/A       100%        4
 Fulminant Prism          Conj/Hex       0%         3d5       100%        4
 Iskenderun's Mystic Bla  Conj/Tloc      0%         2d3       100%        4
 Leda's Liquefaction      Hex/Erth       0%         N/A       100%        4
 Manifold Assault         Tloc           0%         N/A       100%        4
 Agony                    Necr           0%         N/A       100%        5
 Borgnjor's Vile Clutch   Necr/Erth      0%         N/A       100%        5
 Fireball                 Conj/Fire      0%         3d3       100%        5
 Lee's Rapid Deconstruct  Erth           0%         3d4*      100%        5
 Silence                  Hex/Air        0%         N/A       100%        5
 Bombard                  Conj/Erth      0%         9d1       100%        6
 Starburst                Conj/Fire      0%         6d3       100%        6
 Enfeeble                 Hex            0%         N/A       100%        7
 Ozocubu's Refrigeration  Ice            0%         4d7       100%        7
 Chain Lightning          Conj/Air       0%         N/A       100%        9
 Fire Storm               Conj/Fire      0%         5d1       100%        9
 Polar Vortex             Ice            0%         N/A       100%        9
 Shatter                  Erth           0%         3d5*      100%        9
 Tukima's Dance           Hex            Unusable   N/A       N/A         3
 Animate Dead             Necr           Unusable   N/A       N/A         4
 Death Channel            Necr           Unusable   N/A       N/A         6
 Simulacrum               Ice/Necr       Unusable   N/A       N/A         6

Dungeon Overview and Level Annotations

Branches:
Dungeon (13/15)            Temple (1/1) D:4            Lair (5/5) D:10
 Shoals (0/4) Lair:2        Snake (0/4) Lair:3        Slime (0/5) Lair:4
    Orc (2/2) D:11            Elf (3/3) Orc:2        Vaults (0/5) D:13
 Bailey (visited)           IceCv (visited)

Altars:
Ashenzari
Cheibriados
Dithmenos
Elyvilon
Fedhas
Gozag
Hepliaklqana
Kikubaaqudgha
Makhleb
Nemelex Xobeh
Okawaru
Qazlal
Ru
Sif Muna
Trog
Uskayaw
Vehumet
Wu Jian
Xom
Yredelemnul
Zin
The Shining One

Shops:
D:7 :   D:8 *[=[   Orc:2 =([*[   Elf:1 (   Elf:2 [

Annotations:
D:3 exclusion: downstairs
D:11 exclusion: downstairs
D:13 Azrael, Lodul
Lair:1 3 runed translucent doors, Pi314's ghost, journeyman DrCj
Lair:5 exclusion: obsidian statue
Orc:2 2 transporters, Reshi88's ghost, journeyman SpHu
Elf:1 3 runed translucent doors


Innate Abilities, Weirdness & Mutations

You have razor-sharp teeth.
Your natural rate of healing is unusually fast.
When hurt, damage is shared between your health and your magic reserves.
Your bite disrupts and absorbs the magic of your enemies.
Potions cannot restore your health.


Message History

The deep elf blademaster hits you but does no damage. x2
The deep elf blademaster hits you with a +0 double sword!
The deep elf blademaster hits you but does no damage.
The deep elf blademaster hits you with a +0 double sword.
Things that are here:
a +0 leather armour; a +0 dagger The deep elf blademaster attacks as it pursues you!
The deep elf blademaster hits you with a +6 double sword.
The deep elf blademaster hits you but does no damage.
The deep elf blademaster hits you with a +6 double sword!
The deep elf blademaster misses you.
You slice the deep elf blademaster!! You burn the deep elf blademaster.
Your bite misses the deep elf blademaster.
The deep elf blademaster is moderately wounded.
You slice the deep elf blademaster!! You burn the deep elf blademaster!
Your bite misses the deep elf blademaster.
The deep elf blademaster is severely wounded.
You open the deep elf blademaster like a pillowcase!!!
You burn the deep elf blademaster!
You kill the deep elf blademaster!
Okawaru accepts your kill.
Your base Throwing skill increases to level 12!
The deep elf blademaster hits you with the +9 double sword "Goblinbane" {speed, *Rage rPois Str+4 Stlth+}.
The deep elf blademaster goes berserk!
The deep elf blademaster hits you but does no damage.
The deep elf blademaster closely misses you.
The deep elf blademaster misses you.
Things that are here:
a +0 leather armour; a +0 dagger You open the deep elf blademaster like a pillowcase!!!
You burn the deep elf blademaster.
The deep elf blademaster is moderately wounded.
The deep elf blademaster hits you with the +9 double sword "Goblinbane" {speed, *Rage rPois Str+4 Stlth+}!
* * * LOW HITPOINT WARNING * * *
The deep elf blademaster hits you but does no damage.
You closely miss the deep elf blademaster.
Your bite misses the deep elf blademaster.
The deep elf blademaster is moderately wounded.
The deep elf blademaster hits you with the +9 double sword "Goblinbane" {speed, *Rage rPois Str+4 Stlth+}!!
You die...

#....#..$[#
#..⌠.#.!⌠$#
##.....'$...
#..###'''..
#.##...'''###
###.##....'...#
###....#(⌠..#.⌠.#
##......#$$. #.e.#
['......#### ###@#
##=........###..)#
#.....[.......###
#.....<...#####
###.....###
###.### ###


You could see a deep elf blademaster (berserk).

Vanquished Creatures
  Jorgrun (Orc:1)
  3 deep elf blademasters
  2 deep elf master archers (Elf:3)
  Donald (Elf:3)
  4 deep elf sorcerers
  5 deep elf elementalists (Elf:3)
  2 orc warlords (Orc:2)
  9 deep elf demonologists
  3 dire elephants (Lair:5)
  8 deep elf annihilators
  7 deep elf death magi (Elf:3)
  5 deep elf high priests (Elf:3)
  4 hydras
  3 boulder beetles
  A two-headed ogre (D:8)
  6 dancing weapons
  2 death yaks
  3 orc high priests
  10 deep elf knights
  A skyshark (Lair:5)
  A spectral anaconda (Lair:5)
  2 spectral death yaks (Lair:5)
  Pikel (D:5)
  10 deep elf archers
  4 necromancers
  A lindwurm (Lair:4)
  23 deep elf zephyrmancers
  27 deep elf pyromancers
  4 orc sorcerers
  5 orc knights
  An ugly thing (IceCv)
  An oklob plant (D:10)
  A salamander (Lair:3)
  27 elephants
  5 black mambas
  11 cane toads
  A gargoyle (D:11)
  An ice statue (IceCv)
  4 rime drakes
  2 anaconda simulacra (IceCv)
  2 kobold demonologists
  6 komodo dragons
  11 ice devils (IceCv)
  6 freezing wraiths (IceCv)
  A hornet (D:9)
  A polar bear (Lair:2)
  A troll (D:10)
  A spectral elephant (Lair:5)
  8 blink frogs
  12 dream sheep
  A shadow (D:11)
  4 air elementals
  2 dire elephant simulacra (IceCv)
  2 water elementals (Elf:2)
  A vampire (D:9)
  A wraith (D:10)
  7 wyverns
  41 yaks
  4 basilisks
  4 fire elementals
  2 steam dragons
  7 wargs
  A spectral cane toad (Lair:5)
  5 vampire mosquitoes
  2 acid dragons
  2 nagas (Lair:3)
  6 death yak simulacra
  A hydra simulacrum (IceCv)
  A hell hound (D:11)
  8 water moccasins
  A sky beast (D:7)
  37 orc warriors
  3 black bears
  An ice beast (D:7)
  2 elephant zombies (Lair:5)
  6 ogres
  3 centaurs
  4 kobold brigands
  3 earth elementals
  13 bullfrogs
  A gnoll sergeant (D:9)
  2 two-headed ogre simulacra (Orc:1)
  9 cane toad simulacra
  4 wights (D:8)
  3 elephant simulacra
  13 killer bees
  7 howler monkeys
  21 orc priests
  2 gnoll boudas
  2 hounds (D:5)
  6 jellies
  Natasha (D:2)
  An iguana (D:6)
  23 orc wizards
  2 spriggan simulacra
  2 troll simulacra
  7 polar bear simulacra (IceCv)
  3 wolf simulacra (IceCv)
  9 gnolls
  4 adders
  3 naga simulacra
  2 shadow imps
  A white imp (D:6)
  3 ufetubi
  2 dart slugs
  82 orcs
  4 ball pythons
  4 bats
  5 endoplasms
  2 giant cockroaches (D:3)
  5 hobgoblins
  17 kobolds
  2 frilled lizards
  8 goblins
  2 rats
700 creatures vanquished.

Vanquished Creatures (others)
  A deep elf pyromancer (Elf:3)
1 creature vanquished.

Grand Total: 701 creatures vanquished

Notes
Turn   | Place    | Note
-------+----------+-------------------------------------------
     0 | D:1      | ipx the Vine Stalker Fighter began the quest for the Orb.
     0 | D:1      | Reached XP level 1. HP: 11/11 MP: 2/2
   219 | D:1      | Reached XP level 2. HP: 16/16 MP: 3/3
   515 | D:2      | Reached XP level 3. HP: 17/19 MP: 2/4
   550 | D:2      | Noticed Natasha
   559 | D:2      | Killed Natasha
   568 | D:2      | Reached XP level 4. HP: 23/23 MP: 5/5
   766 | D:3      | Reached skill level 1 in Short Blades
   852 | D:3      | Got a decrepit book
   865 | D:4      | Noticed a black bear
   878 | D:3      | Killed a black bear
   879 | D:3      | Reached XP level 5. HP: 24/28 MP: 3/6
   897 | D:3      | Reached XP level 6. HP: 33/33 MP: 7/7
   955 | D:4      | Found a staircase to the Ecumenical Temple.
   964 | Temple   | Entered the Ecumenical Temple
   973 | Temple   | Became a worshipper of Warmaster Okawaru
  1106 | D:5      | Entered Level 5 of the Dungeon
  1106 | D:5      | Noticed Pikel
  1113 | D:5      | Noticed a black bear
  1130 | D:5      | Killed Pikel
  1131 | D:5      | Reached XP level 7. HP: 8/37 MP: 1/8
  1133 | D:5      | Reached * piety under Okawaru
  1134 | D:5      | Gained mutation: You have razor-sharp teeth. [Vine Stalker
                  | growth]
  1134 | D:5      | Reached XP level 8. HP: 10/42 MP: 1/9
  1206 | D:5      | Reached skill level 1 in Invocations
  1346 | D:5      | Found a shimmering blue altar of Sif Muna.
  1476 | D:6      | Noticed a boulder beetle
  1496 | D:6      | Killed a boulder beetle
  1496 | D:6      | Reached ** piety under Okawaru
  1508 | D:6      | Reached XP level 9. HP: 28/45 MP: 6/13
  1570 | D:7      | Found Ruric's Book Boutique.
  1704 | D:7      | Reached skill level 5 in Invocations
  1737 | D:7      | Reached *** piety under Okawaru
  1768 | D:8      | Found Soom Tib's Antique Armour Shoppe.
  2106 | D:7      | Found a flagged portal.
  2116 | Bailey   | Entered a bailey
  2315 | Bailey   | Noticed an orc knight
  2346 | Bailey   | Killed an orc knight
  2346 | Bailey   | Reached **** piety under Okawaru
  2347 | Bailey   | Reached skill level 5 in Throwing
  2347 | Bailey   | Reached XP level 10. HP: 12/50 MP: 6/15
  2366 | Bailey   | Found a large runed translucent door.
  2366 | Bailey   | Found a large runed translucent door.
  2367 | Bailey   | Noticed a deep elf pyromancer
  2400 | Bailey   | Killed a deep elf pyromancer
  2410 | Bailey   | Identified the +2 leather armour of Complete Protection
                  | {Dex+5}
  2497 | D:8      | Noticed a two-headed ogre
  2577 | D:8      | Found Imesil's Assorted Antiques.
  2635 | D:8      | Bought a helmet for 108 gold pieces
  2635 | D:8      | Bought a pair of boots for 108 gold pieces
  2635 | D:8      | Bought a golden potion for 21 gold pieces
  2635 | D:8      | Bought a scroll of fog for 96 gold pieces
  2695 | D:8      | Found a stormy altar of Qazlal.
  2698 | D:8      | Found Enuys's Jewellery Emporium.
  2771 | D:8      | Found a white marble altar of Elyvilon.
  2790 | D:8      | Found Itof's Antique Armour Shoppe.
  2829 | D:8      | Reached ***** piety under Okawaru
  2848 | D:8      | Found a burning altar of Makhleb.
  2880 | D:8      | Found a snail-covered altar of Cheibriados.
  2880 | D:8      | Found an ornate altar of the Wu Jian Council.
  2883 | D:8      | Found a glowing silver altar of Zin.
  2924 | D:8      | Killed a two-headed ogre
  2981 | D:9      | Noticed a kobold demonologist
  2995 | D:9      | Noticed a smoke demon
  3003 | D:9      | Killed a kobold demonologist
  3265 | D:10     | Entered Level 10 of the Dungeon
  3368 | D:9      | Reached skill level 10 in Short Blades
  3394 | D:9      | Reached XP level 11. HP: 35/53 MP: 14/18
  3481 | D:9      | Reached skill level 5 in Armour
  3487 | D:9      | Received a gift from Okawaru
  3917 | D:10     | Identified the +0 dagger "Woihetaw" {drain, rPois}
  3985 | D:11     | Found a staircase to the Orcish Mines.
  4139 | D:12     | Noticed a deep elf pyromancer
  4192 | D:11     | Reached skill level 5 in Fighting
  4192 | D:11     | Reached skill level 1 in Evocations
  4293 | D:13     | Noticed an orc knight
  4293 | D:13     | Noticed Lodul
  4293 | D:13     | Noticed a centaur warrior
  4293 | D:13     | Noticed a seven-headed hydra
  4293 | D:13     | Noticed Azrael
  4293 | D:13     | Found a gate to the Vaults.
  4415 | D:11     | Received a gift from Okawaru
  4912 | D:10     | Noticed an oklob plant
  4915 | D:10     | Found a staircase to the Lair.
  4956 | D:10     | Killed an oklob plant
  4992 | Lair:1   | Entered Level 1 of the Lair of Beasts
  5112 | Lair:2   | Found a staircase to the Shoals.
  5261 | Lair:2   | Noticed a death yak
  5286 | Lair:2   | Reached skill level 10 in Invocations
  5300 | Lair:2   | Killed a death yak
  5301 | Lair:2   | Reached XP level 12. HP: 13/60 MP: 20/20
  5448 | Lair:2   | Received a gift from Okawaru
  5459 | Lair:2   | Identified the +3 hand axe of Dominance {spect, *Noise MP+9
                  | Int+4 Stlth+}
  5508 | Lair:1   | Reached skill level 5 in Evocations
  5555 | Lair:3   | Noticed a four-headed hydra
  5567 | Lair:3   | Killed a four-headed hydra
  5630 | Lair:2   | Noticed an eight-headed hydra
  5649 | Lair:2   | Killed an eight-headed hydra
  5794 | Lair:3   | Reached ****** piety under Okawaru
  5825 | Lair:3   | Acquired the +4 crystal plate armour "Pevot" {rC+ Will+
                  | SInv}
  5825 | Lair:3   | Received a gift from Okawaru
  5837 | Lair:3   | Acquired the +12 lajatang of Piateaw {flame, rF+ Int+3
                  | Dex+5}
  5837 | Lair:3   | Received a gift from Okawaru
  5842 | Lair:3   | Received a gift from Okawaru
  5860 | Lair:3   | Reached skill level 1 in Staves
  5908 | Lair:3   | Reached skill level 2 in Staves
  5942 | Lair:3   | Reached skill level 3 in Staves
  5983 | Lair:3   | Found a staircase to the Snake Pit.
  6024 | Lair:3   | Reached skill level 4 in Staves
  6170 | Lair:3   | Reached skill level 5 in Staves
  6354 | Lair:4   | Noticed a four-headed hydra
  6360 | Lair:4   | Killed a one-headed hydra
  6360 | Lair:4   | Received a gift from Okawaru
  6371 | Lair:4   | Noticed a boulder beetle
  6391 | Lair:4   | Killed a boulder beetle
  6392 | Lair:4   | Reached skill level 6 in Staves
  6392 | Lair:4   | Reached XP level 13. HP: 37/65 MP: 16/21
  6408 | Lair:5   | Entered Level 5 of the Lair of Beasts
  6460 | Lair:4   | Reached skill level 1 in Dodging
  6478 | Lair:4   | Found a staircase to the Slime Pits.
  6539 | Lair:4   | Reached skill level 7 in Staves
  6652 | Lair:4   | Received a gift from Okawaru
  6735 | Lair:5   | Reached skill level 8 in Staves
  6827 | Lair:5   | Received a gift from Okawaru
  6851 | Lair:5   | Reached skill level 9 in Staves
  6968 | Lair:5   | Noticed a dire elephant
  6968 | Lair:5   | Noticed a dire elephant
  6969 | Lair:5   | Noticed a dire elephant
  6997 | Lair:5   | Killed a dire elephant
  6997 | Lair:5   | Received a gift from Okawaru
  7062 | Lair:5   | Reached XP level 14. HP: 64/70 MP: 22/22
  7098 | Lair:5   | Reached skill level 10 in Staves
  7191 | Lair:5   | Reached skill level 5 in Dodging
  7226 | Lair:5   | Received a gift from Okawaru
  7314 | Lair:5   | Killed a dire elephant
  7339 | Lair:5   | Killed a dire elephant
  7529 | Lair:5   | Reached skill level 11 in Staves
  7694 | Lair:1   | Found a runed translucent gate.
  7695 | Lair:1   | Found a runed translucent gate.
  7696 | Lair:1   | Found a runed translucent gate.
  7696 | Lair:1   | Noticed Pi314's ghost (journeyman DrCj)
  7829 | D:8      | Bought a ring of positive energy for 240 gold pieces
  7829 | D:8      | Bought a ring of poison resistance for 240 gold pieces
  7972 | Orc:1    | Entered Level 1 of the Orcish Mines
  8087 | Orc:2    | Entered Level 2 of the Orcish Mines
  8147 | Orc:2    | Found Zilillia's Armour Shop.
  8215 | Orc:2    | Received a gift from Okawaru
  8295 | Orc:1    | Noticed Jorgrun
  8307 | Orc:1    | Killed Jorgrun
  8346 | Orc:1    | Found a frozen archway.
  8369 | IceCv    | Entered an ice cave
  8537 | IceCv    | Found an ancient bone altar of Kikubaaqudgha.
  8633 | IceCv    | Reached skill level 12 in Staves
  8752 | IceCv    | Received a gift from Okawaru
  8772 | IceCv    | Reached XP level 15. HP: 73/73 MP: 23/23
  8927 | Orc:2    | Noticed an orc warlord
  9125 | Orc:2    | Reached skill level 10 in Armour
  9137 | Orc:2    | Noticed an orc warlord
  9156 | Orc:2    | Killed an orc warlord
  9178 | Orc:2    | Reached skill level 13 in Staves
  9212 | Orc:2    | Received a gift from Okawaru
  9252 | Orc:2    | Killed an orc warlord
  9306 | Orc:2    | Found Ichythru's General Store.
  9336 | Orc:2    | Found Motill's Antique Weapon Shoppe.
  9353 | Orc:2    | Found Tuacaer's Jewellery Shoppe.
  9369 | Orc:2    | Found Wufynog's Antique Armour Shoppe.
  9394 | Orc:2    | Bought a scroll of identify for 28 gold pieces
  9411 | Orc:2    | Bought the amulet of the Four Winds {rN+ Will+++ Clar} for
                  | 789 gold pieces
  9411 | Orc:2    | Found the amulet of the Four Winds {rN+ Will+++ Clar}
  9429 | Orc:2    | Noticed Reshi88's ghost (journeyman SpHu)
  9431 | Orc:2    | Found a bloodstained altar of Trog.
  9490 | Orc:2    | Found a transporter.
  9495 | Orc:2    | Found a transporter.
  9518 | Orc:2    | Found a staircase to the Elven Halls.
  9572 | Elf:1    | Entered Level 1 of the Elven Halls
  9572 | Elf:1    | Noticed a deep elf sorcerer
  9572 | Elf:1    | Found a runed translucent gate.
  9572 | Elf:1    | Found a runed translucent gate.
  9572 | Elf:1    | Found a runed translucent gate.
  9572 | Elf:1    | Found a runed translucent gate.
  9572 | Elf:1    | Found a runed translucent gate.
  9572 | Elf:1    | Found a runed translucent gate.
  9573 | Elf:1    | Found a runed translucent door.
  9664 | Elf:1    | Got a curling book
  9688 | Elf:1    | Received a gift from Okawaru
  9700 | Elf:1    | Found Dolestuijo's Firing Range.
  9775 | Elf:1    | Paralysed by an air elemental for 1 turns
  9863 | Elf:1    | Paralysed by an air elemental for 1 turns
  9895 | Elf:2    | Paralysed by an air elemental for 1 turns
  9983 | Elf:1    | Noticed a deep elf sorcerer
  9989 | Elf:1    | Killed a deep elf sorcerer
  9996 | Elf:1    | Received a gift from Okawaru
 10048 | Elf:2    | Noticed a deep elf sorcerer
 10117 | Elf:2    | Reached XP level 16. HP: 72/80 MP: 24/24
 10139 | Elf:3    | Entered Level 3 of the Elven Halls
 10175 | Elf:3    | Received a gift from Okawaru
 10348 | Elf:2    | Found a huge runed translucent gate.
 10348 | Elf:2    | Found a huge runed translucent gate.
 10348 | Elf:2    | Found a huge runed translucent gate.
 10348 | Elf:2    | Found a huge runed translucent gate.
 10348 | Elf:2    | Found a huge runed translucent gate.
 10348 | Elf:2    | Found a huge runed translucent gate.
 10348 | Elf:2    | Found a huge runed translucent gate.
 10348 | Elf:2    | Found a huge runed translucent gate.
 10354 | Elf:2    | Identified the +9 double sword "Goblinbane" {speed, *Rage
                  | rPois Str+4 Stlth+}
 10354 | Elf:2    | Noticed a deep elf blademaster
 10354 | Elf:2    | Noticed a deep elf blademaster
 10554 | Elf:3    | Noticed a deep elf master archer
 10565 | Elf:3    | Killed a deep elf master archer
 10565 | Elf:3    | Received a gift from Okawaru
 10589 | Elf:3    | Noticed a deep elf blademaster
 10605 | Elf:3    | Killed a deep elf blademaster
 10750 | Elf:3    | Reached skill level 10 in Throwing
 10751 | Elf:3    | Received a gift from Okawaru
 10784 | Elf:3    | Noticed Donald
 10872 | Elf:3    | Paralysed by an air elemental for 1 turns
 10970 | Elf:2    | Found Cecuteb's Antique Armour Boutique.
 11001 | Elf:3    | Identified the +9 quarterstaff of the Writhing Pariah
                  | {freeze, Will+ MP+9 Int+3}
 11015 | Elf:3    | Identified the +0 ring mail of Good Intentions {Str+3
                  | Dex+3}
 11026 | Elf:3    | Identified the +4 flail of Action {freeze, rElec rPois
                  | Dex-3}
 11026 | Elf:3    | Identified the ring "Saschitel" {rPois rCorr}
 11030 | Elf:3    | Noticed a deep elf blademaster
 11058 | Elf:3    | Killed a deep elf blademaster
 11062 | Elf:3    | Received a gift from Okawaru
 11063 | Elf:3    | Reached XP level 17. HP: 57/87 MP: 26/26
 11085 | Elf:3    | Identified the +0 chain mail "Yttejopiun" {rPois rC+
                  | Stlth+}
 11152 | Elf:3    | Noticed a deep elf master archer
 11201 | Elf:3    | Killed a deep elf master archer
 11207 | Elf:3    | Identified the +5 chain mail "Ilof" {Drain rN+ Str+3 Int+6}
 11241 | Elf:3    | Identified the +8 chain mail "Nor Vebya" {*Corrode *Slow
                  | MP+9 Slay+6}
 11273 | Elf:3    | Identified the staff of the Bedazzling Oracle {rC+ rCorr
                  | Str+2 Int+5 SInv Ice}
 11319 | Elf:3    | Killed Donald
 11381 | Elf:3    | Received a gift from Okawaru
 11481 | Elf:2    | Bought a pair of embroidered gloves for 217 gold pieces
 11574 | Elf:2    | Killed a deep elf blademaster
 11577 | Elf:2    | Slain by a deep elf blademaster

Illustrated notes

Levels and vault maps discovered:
D:1:      dpeg_arrival_pond, layout_basic, glass_columns_a
D:2:      layout_loops_cross, kennysheep_cross_bottleneck,
          uniq_crazy_yiuf_cottage, uniq_natasha
D:3:      layout_rooms
D:4:      layout_cave_pools, minmay_temple_entry_waves,
          hangedman_decor_slide_cut
D:5:      layout_rooms, nicolae_sif_muna_condensation, minivault_19, uniq_pikel
D:6:      layout_loops_ring
D:7:      layout_loops_ring, enter_bailey_2, minmay_misc_feat_cross,
          nicolae_stop_n_shop_2, uniq_menkaure
D:8:      layout_rooms, grunt_temple_overflow_open,
          mainiacjoe_overflow_big_doors, serial_shops, nicolae_shop_tiny_glass,
          shop_fountains, nicolae_shop_waterfront,
          nicolae_shop_pleasant_corner_grove, nicolae_shop_tiny_statue_garden
D:9:      layout_irregular_city, kennysheep_kite_vault
D:10:     layout_roguey, dpeg_oklobed_lair
D:11:     layout_basic, orc_0_dummy
D:12:     layout_roguey, uniq_urug
D:13:     layout_loops_ring, david_vaults_3, uniq_azrael
Temple:   hellmonk_temple_two_chambers
Lair:1:   layout_regular_city, ebering_ghost_rock_garden, nzn_random_ring,
          infiniplex_staircase_pool_2, lemuel_fruit_fields
Lair:2:   layout_regular_city, shoals_dummy_entry, beast_lair_carwin_7
Lair:3:   layout_cave_pods, alex1729_snake_entry_snake, serial_rivers,
          chequers_serial_rivers_marsh, chequers_serial_rivers_small_a,
          chequers_serial_rivers_large_b, chequers_serial_rivers_small_b,
          chequers_serial_rivers_large_a
Lair:4:   layout_misc_corridors, nicolae_slime_entry_slimehenge,
          patterned_corridor
Lair:5:   due_jungle_book, layout_loops_ring, serial_bayou_shore_b,
          grunt_megastairs_2, lemuel_fruit_fields
Orc:1:    cheibrodos_orc_guarddog, layout_diamond_mine,
          portal_ice_cave_entry_ice_simulacra, rock_pile, uniq_jorgrun
Orc:2:    grunt_orc_cross, layout_caves, gammafunk_ghost_wrathful_warriors,
          serial_shops, shop
Elf:1:    nicolae_elf_arrival_dilemma, layout_loops_corners,
          minmay_elf_annihilation, nicolae_shop_firing_range
Elf:2:    nicolae_elf_blades_crystal_corner, layout_geoelf_octagon,
          serial_shops, nicolae_shop_pleasant_corner_grove,
          nicolae_elf_double_double_double_trouble
Elf:3:    grunt_elf_hall_spiral, layout_geoelf_diagonals, uniq_donald

Skill      XL: |  1  2  3  4  5  6  7  8  9 10 11 12 13 14 15 16 17 |
---------------+----------------------------------------------------+-----
Maces & Flails | 2 3 4 |  4.0
Fighting       | 3 4 5 6 7 9 |  9.8
Short Blades   | 2 6 8 10 | 10.0
Invocations    | 4 6 8 10 11 12 | 12.0
Throwing       | 2 5 7 10 12 | 12.0
Armour         | 4 6 7 8 9 10 | 10.0
Evocations     | 4 6 |  6.0
Staves         | 6 9 12 13 | 13.7
Dodging        | 4 6 |  6.1
Shields        | |  2.6

Action                     |  1- 3 |  4- 6 |  7- 9 | 10-12 | 13-15 | 16-18 || total
---------------------------+-------+-------+-------+-------+-------+-------++-------
  Melee: Flail             |    46 |     9 |       |       |       |       ||    55
         Bite              |     5 |    30 |    83 |   416 |   317 |    64 ||   915
         Dagger            |       |    99 |   243 |  1003 |       |       ||  1345
         Lajatang          |       |       |       |    70 |   885 |   201 ||  1156
  Throw: Dart              |       |       |    10 |    16 |       |       ||    26
         Javelin           |       |       |     2 |     9 |    17 |    26 ||    54
         Boomerang         |       |       |       |    17 |    29 |    84 ||   130
 Invoke: Heroism           |       |       |     1 |     8 |     9 |    12 ||    30
         Receive Weapon    |       |       |       |     1 |       |       ||     1
         Receive Armour    |       |       |       |     1 |       |       ||     1
         Finesse           |       |       |       |       |     1 |     3 ||     4
  Evoke: Wand              |       |       |     1 |       |     1 |     1 ||     3
         Tin of tremorston |       |       |       |       |     1 |       ||     1
    Use: Potion            |       |     1 |       |     2 |     1 |     3 ||     7
         Scroll            |       |       |     6 |    13 |     8 |     6 ||    33
 Armour: Scale mail        |    35 |    93 |    61 |       |       |       ||   189
         Chain mail        |       |       |    68 |   578 |       |       ||   646
         Acid dragon scale |       |       |       |     1 |       |       ||     1
         Crystal plate arm |       |       |       |   101 |   629 |   146 ||   876
  Dodge: Dodged            |    17 |    47 |    51 |   265 |   270 |    83 ||   733
  Block: Buckler           |    11 |    16 |    39 |   164 |       |       ||   230

Table legend: (Time is in decaauts)
 A = Elapsed time spent in this place.
 B = Non-inter-level travel time spent in this place.
 C = Inter-level travel time spent in this place.
 D = Time resting spent in this place.
 E = Time spent auto-exploring this place.
 F = Levels seen in this place.
 G = Mean time per level.
                   A        B        C        D        E       F      G
               +--------+--------+--------+--------+--------+-----+--------+
         Total |  10787 |  10191 |    596 |      0 |      0 |  26 |  414.9 |
       Dungeon |   4491 |   4237 |    254 |      0 |      0 |  13 |  345.5 |
        Temple |     18 |     10 |      8 |      0 |      0 |   1 |   18.0 |
          Lair |   2634 |   2470 |    164 |      0 |      0 |   5 |  526.8 |
  Orcish Mines |    997 |    920 |     77 |      0 |      0 |   2 |  498.5 |
   Elven Halls |   1806 |   1713 |     93 |      0 |      0 |   3 |  602.0 |
        Bailey |    321 |    321 |      0 |      0 |      0 |   1 |  321.0 |
      Ice Cave |    517 |    517 |      0 |      0 |      0 |   1 |  517.0 |
               +--------+--------+--------+--------+--------+-----+--------+

Top non-repeatable levels by time:
   Elf:3: 938 daAuts
  Lair:5: 846 daAuts
     D:9: 810 daAuts
  Lair:3: 699 daAuts
    D:11: 642 daAuts
   Orc:2: 606 daAuts
  Lair:2: 548 daAuts
     D:7: 519 daAuts
   IceCv: 517 daAuts
   Elf:2: 495 daAuts
    D:10: 488 daAuts
     D:1: 453 daAuts
     D:8: 433 daAuts
   Orc:1: 391 daAuts
  Lair:4: 382 daAuts
